 Dungeon Crawl Stone Soup version 0.27-a0-531-gb72ec1a1b6 (webtiles) character file.

Game seed: 15526260286566953598

18198 jasper the Carver (level 12, -13/94 HPs)
             Began as a Demonspawn Arcane Marksman on Mar 5, 2021.
             Was a High Priest of Dithmenos.
             Mangled by an ice devil (18 damage)
             ... on level 2 of the Lair of Beasts.
             The game lasted 00:20:43 (17510 turns).

jasper the Carver (Demonspawn Arcane Marksman)     Turns: 17510, Time: 00:20:44

Health: -13/94     AC:  9    Str: 13    XL:     12   Next: 25%
Magic:  24/24      EV: 16    Int: 14    God:    Dithmenos [*****.]
Gold:   615        SH:  4    Dex: 17    Spells: 12/13 levels left

rFire    . . .     SeeInvis .   F - +0 scimitar (flame)
rCold    . . .     Faith    .   L - +0 buckler
rNeg     + . .     Spirit   .   I - +1 ring mail {rPois}
rPois    +         Reflect  .   (no helmet)
rElec    .         Harm     .   K - scarf {+Inv}
rCorr    .         Rampage  .   (no gloves)
Will     .....                  n - +1 pair of boots {Fly}
Stlth    +.........             (no amulet)
HPRegen  0.25/turn              w - ring of magical power
MPRegen  0.19/turn              d - ring of positive energy

@: flying, wreathed by umbra, repel missiles
A: hooves 2, repulsion field 3, demonic guardian 2, spiny 1
a: Stop Flying, Renounce Religion, Evoke Invisibility, Shadow Step, Shadow Form


You were on level 2 of the Lair of Beasts.
You worshipped Dithmenos.
Dithmenos was extremely pleased with you.
You visited 3 branches of the dungeon, and saw 14 of its levels.

You collected 847 gold pieces.
You spent 232 gold pieces at shops.

Inventory:

Hand Weapons
 b - a +0 short sword
 g - a +0 hand axe
 h - a +2 short sword of speed
 A - a +1 long sword
 F - a +0 scimitar of flaming (weapon)
 M - the +11 war axe "Elecig" {vorpal, MP+9 Dex+8 Stlth-}
   (You took it off an orc priest on level 10 of the Dungeon)

   It inflicts extra damage upon your enemies.
   It affects your dexterity (+8).
   It affects your magic capacity (+9).
   It makes you less stealthy.
 N - a +3 long sword of freezing
Missiles
 c - 503 stones
 i - 25 boomerangs (quivered)
 o - 2 silver boomerangs
 r - 53 poisoned darts
 Q - 6 javelins
Armour
 a - a +0 robe
 n - a +1 pair of boots of flying (worn)
 p - a +1 ring mail
 I - a +1 ring mail of poison resistance (worn)
 K - a scarf of invisibility (worn)
 L - a +0 buckler (worn)
Jewellery
 d - a ring of positive energy (right hand)
 e - a ring of fire
 w - a ring of magical power (left hand)
Wands
 k - a wand of flame (25)
 y - a wand of digging (12)
 C - a wand of polymorph (18)
 H - a wand of mindburst (23)
 P - a wand of iceblast (12)
Scrolls
 f - 6 scrolls of teleportation
 u - 4 scrolls of enchant weapon
 D - a scroll of fog
 E - a scroll of amnesia
 G - 2 scrolls of torment
 R - a scroll of summoning
Potions
 j - a potion of degeneration
 l - 2 potions of flight
 m - a potion of brilliance
 q - 3 potions of attraction
 s - a potion of lignification
 x - a potion of cancellation
 z - 2 potions of magic
 B - a potion of curing
Miscellaneous
 t - a lightning rod (4/4)


   Skills:
 + Level 8.8 Fighting
 - Level 14.0 Long Blades
 - Level 5.0 Throwing
 + Level 4.2 Armour
 + Level 4.7 Dodging
 - Level 1.0 Spellcasting
 - Level 3.0 Hexes
 - Level 4.5 Invocations


You had 12 spell levels left.
You knew the following spells:

 Your Spells              Type           Power      Damage    Failure   Level
a - Corona                Hex            10%        N/A       26%         1

Your spell library contained the following spells:

 Spells                   Type           Power      Damage    Failure   Level
 Slow                     Hex            9%         N/A       36%         2
 Animate Skeleton         Necr           0%         N/A       65%         1
 Apportation              Tloc           0%         N/A       65%         1
 Summon Small Mammal      Summ           0%         N/A       65%         1
 Call Imp                 Summ           0%         N/A       80%         2
 Inner Flame              Hex/Fire       4%         N/A       82%         3
 Portal Projectile        Hex/Tloc       8%         N/A       82%         3
 Summon Guardian Golem    Hex/Summ       4%         N/A       82%         3
 Call Canine Familiar     Summ           0%         N/A       95%         3
 Cause Fear               Hex            4%         N/A       95%         4
 Leda's Liquefaction      Hex/Erth       2%         N/A       99%         4
 Summon Ice Beast         Ice/Summ       0%         N/A       100%        4
 Summon Lightning Spire   Summ/Air       0%         N/A       100%        4
 Irradiate                Conj/Tmut      0%         3d14      100%        5
 Silence                  Hex/Air        2%         N/A       100%        5
 Conjure Ball Lightning   Conj/Air       0%         3x3d6     100%        6
 Hydra Form               Tmut           0%         N/A       100%        6
 Statue Form              Tmut/Erth      0%         N/A       100%        6
 Dragon Form              Tmut           0%         N/A       100%        7
 Tornado                  Air            0%         N/A       100%        9


Dungeon Overview and Level Annotations

Branches:
Dungeon (11/15)            Temple (1/1) D:6            Lair (2/6) D:11
    Orc (0/2) D:10
  Swamp: Lair:2-4    Shoals: Lair:2-4     Snake: Lair:2-4    Spider: Lair:2-4

Altars:
Ashenzari
Cheibriados
Dithmenos
Elyvilon
Fedhas
Gozag
Hepliaklqana
Kikubaaqudgha
Makhleb
Nemelex Xobeh
Okawaru
Qazlal
Ru
Sif Muna
Trog
Uskayaw
Vehumet
Wu Jian
Xom
Yredelemnul
Zin
The Shining One

Shops:
D:4 [

Annotations:
D:7 exclusion: statue


Innate Abilities, Weirdness & Mutations

You have hoof-like feet.
You are surrounded by a strong repulsion field. (EV +4, RMsl)
A demonic guardian rushes to your aid.
You are partially covered in sharp spines.


Message History

Your hellwing barely misses the ice devil.
You hit the ice devil but do no damage.
The ice devil is almost dead.
Your shadow barely misses the ice devil.
The ice devil hits your hellwing but does no damage.
The ice devil barely misses you.
You riposte.
You hit the ice devil but do no damage.
The ice devil is almost dead.
Your hellwing hits the ice devil but does no damage.
Your hellwing closely misses the ice devil.
You barely miss the ice devil.
The ice devil is almost dead.
The ice devil hits your hellwing! The ice devil freezes your hellwing!
The ice devil hits you.
* * * LOW HITPOINT WARNING * * *
The ice devil freezes you!
* * * LOW HITPOINT WARNING * * *
You take 17 damage, and have 5/94 hp.
Unknown command.
You feel much better.
Your hellwing hits the ice devil but does no damage. x2
The ice devil closely misses you. The ice devil hits your hellwing!
The ice devil freezes your hellwing!!
Your hellwing dies!
You regained 29 hp, and now have 34/94 hp.
You barely miss the ice devil.
The ice devil is almost dead.
The ice devil hits you!
* * * LOW HITPOINT WARNING * * *
The ice devil freezes you!!
* * * LOW HITPOINT WARNING * * *
You block the ice devil's attack.
You take 33 damage, and have 1/94 hp.
MASSIVE DAMAGE!!
Okay, then.
You feel better. The ice devil misses you. x2
You regained 7 hp, and now have 8/94 hp.
You feel better. The ice devil hits you!
* * * LOW HITPOINT WARNING * * *
The ice devil freezes you!!
You die...

#§##.#
##.....#
.....#
#.#..###
.....#
###..#
..####
#.## .##
#.###
.###
##...#
...P
#..#.#
...#
##'#+#
##.#
#@4.#
.+.#
##4## ⌠#
.# .+ ..
## ...
...#
...#
####
#####


You could see 2 ice devils.

Vanquished Creatures
  2 hydras
  2 two-headed ogres
  2 unseen horrors
  An ugly thing (D:11)
  A black mamba (Lair:2)
  7 cane toads
  2 rime drakes
  4 yaks
  A wraith (D:11)
  A wyvern (D:11)
  A fire elemental (Lair:2)
  Edmund (D:4)
  7 water moccasins
  7 orc warriors
  4 black bears
  2 sky beasts
  2 necrophages
  4 ice beasts
  6 ogres
  3 centaurs
  11 wolves
  A phantom (D:11)
  Blork the orc (D:6)
  12 bullfrogs
  A wyvern skeleton (D:11)
  A water moccasin skeleton (D:9)
  6 scorpions
  7 killer bees
  8 wights
  2 howler monkeys
  A lava snake (Lair:2)
  2 centaur zombies
  9 orc priests
  4 hounds
  5 jellies
  3 bullfrog skeletons
  2 centaur skeletons
  Ijyb (D:5)
  15 orc wizards
  3 iguanas
  8 worker ants
  A killer bee zombie (D:7)
  2 hound skeletons
  A worker ant zombie (D:8)
  6 gnolls
  7 adders
  3 white imps
  An ufetubus (D:5)
  An ooze (D:2)
  3 adder skeletons
  A worm (D:3)
  A dart slug (D:2)
  6 leopard geckos
  72 orcs
  3 giant cockroaches
  10 goblins
  3 hobgoblins
  9 jackals
  4 quokkas
  3 ball pythons
  A ball python skeleton (D:4)
  A ball python zombie (D:5)
  7 bats
  3 frilled lizards
  8 kobolds
  A leopard gecko skeleton (D:4)
  2 rats
323 creatures vanquished.

Vanquished Creatures (collateral kills)
  A hydra (Lair:1)
  An ugly thing (D:9)
  A cane toad (Lair:1)
  A wraith (D:9)
  A steam dragon (D:11)
  5 orc warriors
  A centaur (D:7)
  A phantom (D:3)
  A jelly (D:5)
  An orc priest (D:11)
  A leopard gecko (D:1)
  12 orcs
27 creatures vanquished.

Vanquished Creatures (others)
  2 orc wizards (D:10)
  16 fungi
  17 plants
35 creatures vanquished.

Grand Total: 385 creatures vanquished

Notes
Turn   | Place    | Note
-------+----------+-------------------------------------------
     0 | D:1      | jasper the Demonspawn Arcane Marksman began the quest for
                  | the Orb.
     0 | D:1      | Reached XP level 1. HP: 15/15 MP: 2/2
   629 | D:1      | Gained mutation: A weak demonic guardian rushes to your
                  | aid. [demonic ancestry]
   629 | D:1      | Reached XP level 2. HP: 22/22 MP: 3/3
  1147 | D:2      | Noticed an ogre
  1159 | D:2      | Killed an ogre
  1160 | D:2      | Reached XP level 3. HP: 31/31 MP: 4/4
  1160 | D:2      | Gained mutation: You are partially covered in sharp spines.
                  | [demonic ancestry]
  1160 | D:2      | Reached XP level 4. HP: 38/38 MP: 5/5
  2462 | D:3      | Gained mutation: You are surrounded by a mild repulsion
                  | field. (EV +2) [demonic ancestry]
  2462 | D:3      | Reached XP level 5. HP: 43/43 MP: 6/6
  2525 | D:3      | Noticed a phantom
  2548 | D:3      | Killed a phantom
  2549 | D:3      | Reached skill level 5 in Fighting
  2689 | D:3      | Found a basalt altar of Yredelemnul.
  2804 | D:3      | Found an iron altar of Okawaru.
  3379 | D:4      | Noticed an ogre
  3418 | D:4      | Killed an ogre
  3419 | D:4      | Gained mutation: You are surrounded by a moderate repulsion
                  | field. (EV +3) [demonic ancestry]
  3419 | D:4      | Reached XP level 6. HP: 43/52 MP: 7/7
  3568 | D:4      | Noticed Edmund
  3626 | D:5      | Entered Level 5 of the Dungeon
  3626 | D:5      | Noticed Ijyb
  3633 | D:5      | Killed Ijyb
  3948 | D:5      | Gained mutation: A demonic guardian rushes to your aid.
                  | [demonic ancestry]
  3948 | D:5      | Reached XP level 7. HP: 44/59 MP: 8/8
  4835 | D:6      | Found a staircase to the Ecumenical Temple.
  4849 | Temple   | Entered the Ecumenical Temple
  4906 | Temple   | Became a worshipper of Dithmenos the Shadowed
  4946 | D:6      | Noticed Blork the orc
  4955 | D:6      | Killed Blork the orc
  4956 | D:6      | Reached skill level 5 in Throwing
  5069 | D:6      | Reached skill level 1 in Long Blades
  5242 | D:6      | Reached skill level 2 in Long Blades
  5242 | D:6      | Gained mutation: You have large cloven feet. [demonic
                  | ancestry]
  5242 | D:6      | Reached XP level 8. HP: 47/67 MP: 9/9
  5822 | D:6      | Reached skill level 3 in Long Blades
  5900 | D:6      | Reached skill level 4 in Long Blades
  6358 | D:6      | Reached skill level 5 in Long Blades
  6620 | D:7      | Reached skill level 6 in Long Blades
  6623 | D:7      | Reached * piety under Dithmenos
  6997 | D:7      | Found a radiant altar of Vehumet.
  7398 | D:8      | Noticed a two-headed ogre
  7404 | D:8      | Killed a two-headed ogre
  7405 | D:8      | Reached skill level 8 in Long Blades
  7405 | D:8      | Gained mutation: You have hoof-like feet. [demonic
                  | ancestry]
  7405 | D:8      | Reached XP level 9. HP: 53/72 MP: 10/10
  8076 | D:9      | Reached skill level 9 in Long Blades
  8627 | D:10     | Entered Level 10 of the Dungeon
  8649 | D:9      | HP: 2/72 [something (6)]
  8650 | D:9      | Killed an unseen horror
  8651 | D:9      | Reached skill level 10 in Long Blades
  8996 | D:10     | Noticed a cyan ugly thing
  9171 | D:4      | Killed Edmund
  9301 | D:4      | Found a sparkling altar of Nemelex Xobeh.
  9303 | D:4      | Found an ornate altar of the Wu Jian Council.
  9313 | D:4      | Reached XP level 10. HP: 75/79 MP: 11/11
  9372 | D:4      | Found a hide-covered altar of Uskayaw.
  9372 | D:4      | Found a sacrificial altar of Ru.
  9375 | D:4      | Found a broken altar of Ashenzari.
  9437 | D:4      | Found Gayseg's Antique Armour Shoppe.
  9446 | D:4      | Bought a glowing scarf for 232 gold pieces
  9486 | D:4      | Reached ** piety under Dithmenos
  9877 | D:9      | Killed a cyan ugly thing
 10335 | D:10     | Reached skill level 11 in Long Blades
 10420 | D:10     | Found a staircase to the Orcish Mines.
 11100 | D:10     | Identified the +11 war axe "Elecig" {vorpal, MP+9 Dex+8
                  | Stlth-}
 11110 | D:10     | Reached *** piety under Dithmenos
 11227 | D:10     | Found a hide-covered altar of Uskayaw.
 11302 | D:10     | Killed an unseen horror
 11303 | D:10     | Reached skill level 12 in Long Blades
 12108 | D:11     | Gained mutation: You are surrounded by a strong repulsion
                  | field. (EV +4, RMsl) [demonic ancestry]
 12108 | D:11     | Reached XP level 11. HP: 72/84 MP: 12/12
 12239 | D:11     | Reached skill level 13 in Long Blades
 12958 | D:11     | Reached **** piety under Dithmenos
 13425 | D:11     | Found a staircase to the Lair.
 13431 | D:11     | Noticed a two-headed ogre
 13448 | D:11     | Killed a two-headed ogre
 13713 | D:11     | Noticed a purple ugly thing
 13721 | D:11     | Killed a purple ugly thing
 13900 | D:11     | Found a blossoming altar of Fedhas.
 14213 | Lair:1   | Entered Level 1 of the Lair of Beasts
 14243 | Lair:1   | Reached skill level 14 in Long Blades
 14249 | Lair:1   | Reached skill level 1 in Invocations
 14434 | Lair:1   | Reached skill level 1 in Armour
 14663 | Lair:1   | Noticed an eight-headed hydra
 14682 | Lair:1   | Killed an eight-headed hydra
 15191 | Lair:1   | Noticed a five-headed hydra
 15198 | Lair:1   | Killed a five-headed hydra
 16463 | Lair:2   | Reached XP level 12. HP: 93/93 MP: 15/15
 16716 | Lair:2   | Reached ***** piety under Dithmenos
 17231 | Lair:2   | Noticed a four-headed hydra
 17237 | Lair:2   | Killed a one-headed hydra
 17508 | Lair:2   | HP: 1/94 [ice devil (23)]
 17510 | Lair:2   | Mangled by an ice devil

Illustrated notes

Levels and vault maps discovered:
D:1:      lemuel_arrival_tunnels, layout_basic
D:2:      layout_rooms
D:3:      layout_loops_cross, nicolae_overflow_crystal_walls,
          supply_closet_lemuel, okawaru_gym_becter
D:4:      layout_cave_pools, nicolae_overflow_hidden_temple, serial_shops, shop,
          uniq_edmund
D:5:      layout_rooms, marbit_many_paths, uniq_ijyb
D:6:      layout_basic, minmay_temple_entry_water_ring,
          kennysheep_pointless_box, uniq_blork_the_orc
D:7:      layout_cave_pools, vehumet_statue
D:8:      layout_basic
D:9:      layout_small_grid, minmay_misc_feat_four_crosses
D:10:     layout_rooms, hiddenorc2_lemuel, basic_altar
D:11:     layout_roguey [special_room_orc], grunt_lair_entry_orc_guard_hut,
          basic_altar
Temple:   zaba_magenta_temple
Lair:1:   layout_cave_pods, beast_lair_carwin_5
Lair:2:   layout_gridlike, portal_ice_cave_demonic_guard, grunt_megastairs_5,
          lemuel_fruit_tree

Skill      XL: |  1  2  3  4  5  6  7  8  9 10 11 12 |
---------------+-------------------------------------+-----
Fighting       | 2 4 6 7 8 |  8.8
Throwing       | 2 3 5 |  5.0
Long Blades    | 2 8 10 12 14 | 14.0
Dodging        | 3 4 |  4.7
Invocations    | 4 |  4.5
Armour         | 3 4 |  4.2
Spellcasting   | |  1.0
Hexes          | |  3.0

Action                   |  1- 3 |  4- 6 |  7- 9 | 10-12 || total
-------------------------+-------+-------+-------+-------++-------
Melee: Hand axe          |    14 |    82 |    31 |       ||   127
       Short sword       |     3 |       |       |       ||     3
       Long sword        |       |       |    93 |   284 ||   377
       Kick              |       |       |    32 |       ||    32
       Scimitar          |       |       |    65 |   220 ||   285
Throw: Javelin           |    12 |     3 |    10 |    11 ||    36
       Boomerang         |    21 |    67 |    48 |   123 ||   259
       Throwing net      |     2 |     1 |       |       ||     3
       Dart              |       |     7 |    14 |       ||    21
Evoke: Wand              |       |       |     9 |     9 ||    18
  Use: Potion            |       |     2 |     1 |     8 ||    11
       Scroll            |       |       |    12 |    11 ||    23
 Stab: Sleeping          |       |     1 |       |       ||     1
       Distracted        |       |     1 |     1 |       ||     2
Armor: Robe              |     2 |     1 |       |       ||     3
       Ring mail         |       |    23 |    61 |   111 ||   195
Dodge: Dodged            |    18 |    65 |   136 |   318 ||   537
       Repelled          |       |       |       |     2 ||     2
Block: Buckler           |       |       |       |    64 ||    64
       Rpst.: Long sword |       |       |    15 |    43 ||    58
       Scimitar          |       |       |     8 |    47 ||    55

Table legend: (Time is in decaauts)
 A = Elapsed time spent in this place.
 B = Non-inter-level travel time spent in this place.
 C = Inter-level travel time spent in this place.
 D = Time resting spent in this place.
 E = Time spent auto-exploring this place.
 F = Levels seen in this place.
 G = Mean time per level.
                   A        B        C        D        E       F      G
               +--------+--------+--------+--------+--------+-----+--------+
         Total |  17550 |  16877 |    673 |   2498 |  11958 |  14 | 1253.6 |
       Dungeon |  14203 |  13580 |    623 |   2494 |   8957 |  11 | 1291.2 |
        Temple |     74 |     58 |     16 |      0 |     54 |   1 |   74.0 |
          Lair |   3272 |   3238 |     34 |      3 |   2946 |   2 | 1636.0 |
               +--------+--------+--------+--------+--------+-----+--------+

Top non-repeatable levels by time:
    D:10: 2147 daAuts
  Lair:1: 1964 daAuts
    D:11: 1860 daAuts
     D:9: 1699 daAuts
     D:6: 1651 daAuts
     D:1: 1579 daAuts
  Lair:2: 1307 daAuts
     D:5: 1215 daAuts
     D:3: 1107 daAuts
     D:4: 809 daAuts
     D:2: 785 daAuts
     D:7: 725 daAuts
     D:8: 622 daAuts
  Temple: 74 daAuts
